 Dungeon Crawl Stone Soup version 0.30.1-11-g7821555f0a (webtiles) character file.

Game seed: 1481388190497396929

5170 monsoonserge the Grappler (level 10, -2/100 HPs)
             Began as a Troll Fighter on Nov 4, 2023.
             Was an Initiate of Wu Jian.
             Slain by a brown ugly thing (17 damage)
             ... on level 8 of the Dungeon.
             The game lasted 00:21:31 (7139 turns).

monsoonserge the Grappler (Troll Fighter)           Turns: 7139, Time: 00:21:31

Health: -2/100     AC: -3    Str: 26    XL:     10   Next: 34%
Magic:  9/9        EV:  9    Int: 14    God:    Wu Jian [......]
Gold:   456        SH:  9    Dex:  9    Spells: 9/9 levels left

rFire   + .          .
                       - Unarmed
rCold   . . .        b - +0 kite shield
rNeg    . . .        a - +0 robe
rPois   .            (helmet restricted)
rElec   .            s - +0 cloak
rCorr   .            (gloves unavailable)
SInv    .            (boots unavailable)
Will    .....        (no amulet)
Stlth   +            w - ring of protection from fire
HPRegen 1.16/turn    B - +6 ring of intelligence
MPRegen 0.11/turn

%: no passive effects
@: mighty, corroded
A: large, unfitting armour, claws 3, regeneration 1, shaggy fur 1, tough skin 1
a: Renounce Religion


You were on level 8 of the Dungeon.
You worshipped Wu Jian.
Wu Jian was noncommittal.
You visited 2 branches of the dungeon, and saw 10 of its levels.
You also visited: Sewer.

You collected 537 gold pieces.
You spent 81 gold pieces at shops.

Inventory:

Hand Weapons
 h - a +0 sling
Missiles
 x - 45 poisoned darts (quivered)
 y - 12 boomerangs
 J - 2 throwing nets
Armour
 a - a +0 robe (worn)
 b - a +0 kite shield (worn)
 s - a +0 cloak (worn)
Jewellery
 w - a ring of protection from fire (left claw)
 B - a +6 ring of intelligence (right claw)
 O - an amulet of the acrobat
Wands
 C - a wand of mindburst (19)
 H - a wand of charming (7)
 I - a wand of flame (20)
 N - a wand of iceblast (8)
Scrolls
 i - 4 scrolls of teleportation {unknown}
 j - 2 scrolls of enchant weapon
 k - a scroll of noise {unknown}
 m - a scroll of amnesia
 o - 2 scrolls of fear
 q - 2 scrolls of magic mapping
 r - a scroll of fog
 u - 2 scrolls of poison
 v - a scroll of enchant armour
 K - a scroll of brand weapon {unknown}
 L - a scroll of blinking {unknown}
 M - a scroll of vulnerability {unknown}
Potions
 c - 2 potions of might
 d - 3 potions of haste {unknown}
 e - 5 potions of curing
 f - a potion of brilliance {unknown}
 g - 2 potions of invisibility {unknown}
 l - 4 potions of flight
 n - 2 potions of lignification {unknown}
 p - 2 potions of heal wounds {unknown}
 t - a potion of attraction {unknown}
 z - 2 potions of mutation {unknown}
 A - a potion of degeneration {unknown}
 D - 3 potions of cancellation {unknown}
 E - a potion of magic {unknown}
 F - a potion of resistance {unknown}
 G - 2 potions of berserk rage {unknown}


   Skills:
 + Level 6.8 Fighting
 - Level 3.0 Dodging
 + Level 7.5 Shields
 * Level 11.0 Unarmed Combat


You had 9 spell levels left.
You didn't know any spells.
Your spell library contained the following spells:

 Spells                   Type           Power      Damage    Failure   Level
 Volatile Blastmotes      Fire/Tloc      0%         2d10      83%         3
 Animate Armour           Summ/Erth      0%         N/A       99%         4
 Fulminant Prism          Conj/Hex       0%         3d5       99%         4
 Iskenderun's Mystic Bla  Conj/Tloc      0%         2d3       99%         4
 Blade Hands              Tmut           0%         N/A       100%        5
 Lee's Rapid Deconstruct  Erth           0%         3d4*      100%        5
 Iron Shot                Conj/Erth      0%         9d1       100%        6


Dungeon Overview and Level Annotations

Branches:
Dungeon (9/15)             Temple (1/1) D:6           Sewer (visited)
   Lair: D:8-11         Orc: D:9-12

Altars:
Ashenzari
Cheibriados
Dithmenos
Elyvilon
Gozag
Hepliaklqana
Kikubaaqudgha
Makhleb
Nemelex Xobeh
Okawaru
Qazlal
Ru
Sif Muna
Trog
Uskayaw
Vehumet
Wu Jian
Xom
Yredelemnul
Zin
The Shining One

Shops:
D:6 *

Annotations:
D:4 3 runed translucent doors, eurytides's ghost, amateur HuIE; foxicus's ghost, novice HOFi


Innate Abilities, Weirdness & Mutations

You are too large for most types of armour.
You have claws for hands.
Your natural rate of healing is unusually fast.
You are covered in fur. (AC +1)
You have tough skin. (AC +1)


Message History

The brown ugly thing headbutts you!
You are splashed with acid!
The kobold hits you but does no damage.
The brown ugly thing closely misses you.
There is a stone staircase leading up here.
The kobold brigand hits you with a +0 dagger.
The kobold hits you with a +0 dagger. The brown ugly thing headbutts you!
The acid corrodes you!
You are splashed with acid!
You climb upwards.
There is a stone staircase leading down here.
Okay, then.
You feel very mighty all of a sudden.
The kobold brigand hits you with a +0 dagger!
The kobold closely misses you.
The brown ugly thing closely misses you.
Press: ? - help, v - describe, . - travel
Here: a kobold brigand, wielding a +0 dagger and quivering poisoned darts The floor.
You barely miss the brown ugly thing. You block the kobold brigand's attack.
You block the kobold's attack.
You claw the brown ugly thing!
The brown ugly thing is lightly wounded.
You block the brown ugly thing's attack.
The kobold brigand hits you with a +0 dagger.
The kobold closely misses you.
You mangle the brown ugly thing!!
The brown ugly thing is heavily wounded.
The brown ugly thing headbutts you!
You are splashed with acid!
You barely miss the brown ugly thing.
The brown ugly thing is heavily wounded.
You block the kobold brigand's attack. You block the kobold's attack.
The brown ugly thing headbutts you!
* * * LOW HITPOINT WARNING * * *
The acid corrodes you!
You are splashed with acid!
* * * LOW HITPOINT WARNING * * *
You scratch the brown ugly thing.
The brown ugly thing is heavily wounded.
You block the kobold brigand's attack. The kobold hits you with a +0 dagger.
* * * LOW HITPOINT WARNING * * *
The brown ugly thing headbutts you!
You die...

######### ##.......# ###
.........###########.#
.....................#######
.......#.#.####.##.#.......#
.......#...# #.##.#.#####.#
.......#...####.##.#.#####.#
######.#........)..........#
'...............@K...#########
######.#.....###uK.####......#
# #.#.#.#.# #...####.####.# ##
#.#.#.#.###..........##.# .#
#.......##..#.#########.#
.#####.#####..........######.#
....#....# #.....#...........#
....#.##.# #..#..#.###########
))..'.##.###..#....#


You could see a brown ugly thing, a kobold brigand and a kobold.

Vanquished Creatures
  A boulder beetle (D:8)
  Pikel (D:7)
  Grinder (D:5)
  2 wyverns
  3 yaks (D:8)
  An acid dragon (D:8)
  Duvessa (D:5)
  2 water moccasins (D:8)
  An ice beast (D:7)
  An orc warrior (D:8)
  A black bear (D:4)
  An ogre (D:7)
  2 phantoms
  4 kobold brigands
  A bullfrog (D:8)
  8 scorpions
  7 wights
  Dowan (D:5)
  A killer bee (D:9)
  2 orc priests
  Crazy Yiuf (D:3)
  3 hounds
  3 gnoll boudas
  4 sleepcaps
  Jessica (D:3)
  4 iguanas
  3 orc wizards
  Terence (D:2)
  19 gnolls
  7 adders
  2 ufetubi
  2 dart slugs
  20 orcs
  8 bats
  12 endoplasms
  7 giant cockroaches
  9 hobgoblins
  22 kobolds
  5 quokkas
  15 ball pythons
  4 frilled lizards
  7 goblins
  6 rats
  A spectral kobold (D:8)
208 creatures vanquished.

Vanquished Creatures (others)
  2 killer bees (D:9)
2 creatures vanquished.

Grand Total: 210 creatures vanquished

Notes
Turn   | Place    | Note
-------+----------+-------------------------------------------
     0 | D:1      | monsoonserge the Troll Fighter began the quest for the Orb.
     0 | D:1      | Reached XP level 1. HP: 22/22 MP: 0/0
   157 | D:1      | Found a faded altar of an unknown god.
   253 | D:1      | Reached XP level 2. HP: 23/29 MP: 1/1
   696 | D:2      | Reached XP level 3. HP: 34/36 MP: 2/2
   830 | D:2      | Noticed a phantom
   975 | D:3      | Noticed Jessica
  1010 | D:2      | Reached skill level 3 in Unarmed Combat
  1060 | D:2      | Killed a phantom
  1061 | D:2      | Reached XP level 4. HP: 24/45 MP: 3/3
  1121 | D:2      | Noticed Terence
  1126 | D:2      | Killed Terence
  1127 | D:2      | Reached XP level 5. HP: 48/53 MP: 4/4
  1133 | D:2      | You fall into a shaft and drop 1 floor!
  1556 | D:3      | Found a white marble altar of Elyvilon.
  1620 | D:3      | Identified the +5 war axe of Gaqouv {pain, Dex+5}
  1670 | D:3      | Killed Jessica
  1671 | D:3      | Reached skill level 4 in Unarmed Combat
  1806 | D:3      | Reached XP level 6. HP: 50/61 MP: 5/5
  1807 | D:3      | Found the +5 woodcutter's axe
  1972 | D:3      | Found a runed translucent door.
  1973 | D:3      | Noticed Crazy Yiuf
  1980 | D:3      | Killed Crazy Yiuf
  2123 | D:4      | Found a runed translucent gate.
  2123 | D:4      | Found a runed translucent gate.
  2123 | D:4      | Found a runed translucent gate.
  2124 | D:4      | Noticed foxicus's ghost (novice HOFi)
  2124 | D:4      | Noticed eurytides's ghost (amateur HuIE)
  2447 | D:4      | Reached skill level 5 in Unarmed Combat
  2718 | D:4      | Reached XP level 7. HP: 68/68 MP: 6/6
  2725 | D:4      | Identified the +8 quarterstaff of Omeahago {holy, Str+2}
  3262 | D:5      | Entered Level 5 of the Dungeon
  3262 | D:5      | Found a snail-covered altar of Cheibriados.
  3275 | D:5      | Reached skill level 6 in Unarmed Combat
  3346 | D:5      | Reached XP level 8. HP: 75/79 MP: 7/7
  3463 | D:5      | Noticed Grinder
  3477 | D:5      | Reached skill level 5 in Shields
  3480 | D:5      | Killed Grinder
  3481 | D:5      | Reached skill level 7 in Unarmed Combat
  3580 | D:5      | Noticed Duvessa
  3580 | D:5      | Noticed Dowan
  3581 | D:5      | Found a glowing drain.
  3592 | D:5      | Killed Duvessa
  3600 | D:5      | Killed Dowan
  3629 | Sewer    | Entered a sewer
  3714 | Sewer    | Reached skill level 5 in Fighting
  3778 | Sewer    | Reached skill level 8 in Unarmed Combat
  4526 | D:6      | Found an ornate altar of the Wu Jian Council.
  4526 | D:6      | Found an ancient bone altar of Kikubaaqudgha.
  4527 | D:6      | Found a bloodstained altar of Trog.
  4574 | D:7      | Reached XP level 9. HP: 66/88 MP: 8/8
  4600 | D:6      | Found Hahurgh's Assorted Antiques.
  4600 | D:6      | Noticed Pikel
  4624 | D:7      | Killed Pikel
  4625 | D:7      | Reached skill level 9 in Unarmed Combat
  4660 | D:6      | Bought a scroll labelled VILIOD IM GOLA for 27 gold pieces
  4660 | D:6      | Bought a scroll labelled OGGIF NIURIOJA for 27 gold pieces
  4660 | D:6      | Bought a scroll labelled BIABE IROSTRA for 27 gold pieces
  5359 | D:6      | Became a worshipper of the Wu Jian Council
  5886 | D:6      | Found a staircase to the Ecumenical Temple.
  5936 | Temple   | Entered the Ecumenical Temple
  6196 | D:8      | Reached skill level 10 in Unarmed Combat
  6428 | D:8      | Noticed a boulder beetle
  6484 | D:8      | Killed a boulder beetle
  6485 | D:8      | Reached XP level 10. HP: 36/100 MP: 9/9
  6808 | D:8      | Reached skill level 11 in Unarmed Combat
  6827 | D:8      | Found a hazy altar of Hepliaklqana.
  7026 | D:9      | Noticed a brown ugly thing
  7054 | D:9      | HP: 4/100 [killer bee (4)]
  7139 | D:8      | Slain by a brown ugly thing

Illustrated notes

Levels and vault maps discovered:
D:1:      dpeg_arrival_rooms_c, layout_loops_ring,
          hellmonk_ecumenical_altar_inner_sanctum
D:2:      layout_loops_ring, nrook_uturn, kennysheep_big_empty_room,
          st_stairs_10, uniq_terence
D:3:      layout_rooms, mainiacjoe_overflow_brackets, uniq_jessica,
          uniq_crazy_yiuf_cottage
D:4:      layout_layer_cave, gammafunk_ghost_cemetery, minmay_between
D:5:      layout_cave_pods, cheibriados_altar_1, cheibrodos_sewer_entry_drain,
          uniq_duvessa, uniq_grinder
D:6:      layout_rooms, nicolae_overflow_hidden_temple,
          minmay_temple_entry_proselytizer, serial_shops, nicolae_square_shop,
          uniq_pikel
D:7:      layout_loops_corners, serial_bayou_ford_a
D:8:      layout_basic, nicolae_hepliaklqana_monster_ancestors
D:9:      layout_basic, minmay_lair_entry_lava, st_stairs_5, minmay_shop_mass
Temple:   hellmonk_temple_of_storms

Skill      XL: |  1  2  3  4  5  6  7  8  9 10 |
---------------+-------------------------------+-----
Shields        | 3 4 5 7 |  7.5
Unarmed Combat | 3 4 5 6 8 10 11 | 11.0
Fighting       | 3 4 5 6 |  6.8
Dodging        | 3 |  3.0

Action                     |  1- 3 |  4- 6 |  7- 9 | 10-12 || total
---------------------------+-------+-------+-------+-------++-------
  Melee: Unarmed           |    78 |     9 |   262 |    43 ||   392
         Morningstar       |       |    77 |       |       ||    77
         Battleaxe         |       |    51 |    51 |       ||   102
  Throw: Dart              |       |       |    10 |       ||    10
Ability: Lunge             |       |       |    10 |     3 ||    13
  Evoke: Wand              |       |       |       |     2 ||     2
    Use: Scroll            |       |       |     8 |       ||     8
         Potion            |       |       |       |     5 ||     5
   Stab: Sleeping          |     2 |       |       |       ||     2
 Armour: Robe              |    24 |    63 |    95 |    10 ||   192
  Dodge: Dodged            |    37 |    80 |   129 |    30 ||   276
  Block: Kite shield       |    42 |    56 |   142 |    33 ||   273
